 Dungeon Crawl Stone Soup version 0.31-a0-263-ge8cad7f256 (webtiles) character file.

Game seed: 4188960887464331685

105 Dittersdorf the Covered (level 4, -1/29 HPs)
             Began as a Gargoyle Fighter on July 13, 2023.
             Was an Initiate of Okawaru.
             Slain by Grinder (2 damage)
             ... on level 4 of the Dungeon.
             The game lasted 00:03:04 (2159 turns).

Dittersdorf the Covered (Gargoyle Fighter)          Turns: 2159, Time: 00:03:05

Health: -1/29      AC: 13    Str: 27    XL:     4   Next: 81%
Magic:  4/4        EV:  9    Int:  9    God:    Okawaru [......]
Gold:   147        SH:  4    Dex:  9    Spells: 3/3 levels left

rFire   . . .        a - +1 flail
rCold   . . .        c - +0 buckler
rNeg    + . .        b - +0 scale mail
rPois   ∞            r - +0 helmet
rElec   +            (no cloak)
rCorr   .            l - +0 pair of gloves
SInv    .            (no boots)
Will    .....        (no amulet) Stlth
                     e - +6 ring of strength
HPRegen 0.24/turn    (no ring)
MPRegen 0.09/turn

%: no passive effects
@: no status effects
A: sickness immunity, AC +3, negative energy resistance 1, electricity
resistance, torment resistance 1, petrification resistance
a: Renounce Religion


You were on level 4 of the Dungeon.
You worshipped Okawaru.
Okawaru was noncommittal.
You visited 1 branch of the dungeon, and saw 4 of its levels.

You collected 147 gold pieces.

Inventory:

Hand Weapons
 a - a +1 flail (weapon)
Armour
 b - a +0 scale mail (worn)
 c - a +0 buckler (worn)
 l - a +0 pair of gloves (worn)
 r - a +0 helmet (worn)
Jewellery
 e - a +6 ring of strength (left hand)
Scrolls
 g - a scroll of revelation {unknown}
 k - a scroll of silence
 o - 2 scrolls of fog {unknown}
 s - 2 scrolls of teleportation {unknown}
 t - a scroll of vulnerability {unknown}
Potions
 d - a potion of might
 f - a potion of invisibility {unknown}
 n - a potion of heal wounds
 p - a potion of brilliance
 q - a potion of haste
 u - a potion of curing


   Skills:
 + Level 4.1 Fighting
 + Level 2.9 Maces & Flails
 + Level 4.1 Armour
 + Level 4.1 Shields


You had 3 spell levels left.
You didn't know any spells.
Your spell library contained the following spells:

 Spells                   Type           Power      Damage    Failure   Level
 Portal Projectile        Hex/Tloc       0%         N/A       97%         3
 Leda's Liquefaction      Hex/Erth       0%         N/A       100%        4
 Call Canine Familiar     Summ           Unusable   N/A       N/A         3

Dungeon Overview and Level Annotations

Branches:
Dungeon (4/15)
 Temple: D:4-7

Altars:
Ashenzari
Fedhas
Hepliaklqana
Kikubaaqudgha
Makhleb
Nemelex Xobeh
Okawaru
Uskayaw
Vehumet

Shops:
D:4 *

Annotations:
D:4 Grinder


Innate Abilities, Weirdness & Mutations

You are immune to sickness and miasma.
Your stone body is resilient. (AC +3)
You are immune to poison.
You resist negative energy. (rN+)
You are resistant to electric shocks. (rElec)
You are resistant to unholy torment.
You are immune to petrification.


Message History

You hit Grinder but do no damage.
Grinder is severely wounded.
You block Grinder's attack.
You barely miss Grinder.
Grinder is severely wounded.
You block Grinder's attack. Grinder gestures at you.
You suddenly lose the ability to move!
Grinder hits you but does no damage. x2
You can move again.
You barely miss Grinder.
Grinder is severely wounded.
Grinder hits you but does no damage.
You closely miss Grinder.
Grinder is severely wounded.
Grinder gestures at you.
You barely resist. You closely miss Grinder.
Grinder is severely wounded.
Grinder says, "You look like you could use a good racking."
Grinder gestures at you.
You suddenly lose the ability to move!
Grinder hits you but does no damage. x2
Grinder gestures at you.
You shrug off the repeated paralysis!
Grinder hits you.
You writhe in agony.
You can move again.
You closely miss Grinder.
Grinder is severely wounded.
Grinder blinks!
You closely miss Grinder.
Grinder is severely wounded.
Grinder hits you!
* * * LOW HITPOINT WARNING * * *
You sock Grinder!
Grinder is almost dead.
Grinder hits you.
* * * LOW HITPOINT WARNING * * *
You writhe in agony.
You die...

.#......># #####.##
####....# #.# .#####.#.#
#.# .........# #.#
######'### #.# # ##...##
#.# # ##.....## ##.#
###.....<.# ##5.#
##.........####.@.#####.
.'.........+.............
.#...<.....###....##.##.#
.##.......## #.#..# #
####.....## #.##.# #
##...## #. #.# #+## #.
... #.# .#


You could see Grinder.

Vanquished Creatures
  Robin (D:3)
  3 adders
  3 dart slugs
  An orc (D:3)
  5 endoplasms
  3 giant cockroaches
  12 goblins (D:3)
  9 hobgoblins
  3 quokkas
  5 ball pythons
  3 bats
  2 frilled lizards (D:1)
  4 kobolds
  3 rats
57 creatures vanquished.

Notes
Turn   | Place    | Note
-------+----------+-------------------------------------------
     0 | D:1      | Dittersdorf the Gargoyle Fighter began the quest for the
                  | Orb.
     0 | D:1      | Reached XP level 1. HP: 14/14 MP: 1/1
   116 | D:1      | Reached XP level 2. HP: 19/19 MP: 2/2
   591 | D:1      | Found a faded altar of an unknown god.
   742 | D:2      | Found a blossoming altar of Fedhas.
   783 | D:2      | Reached XP level 3. HP: 13/23 MP: 3/3
  1226 | D:3      | Found a radiant altar of Vehumet.
  1231 | D:3      | Noticed Robin
  1261 | D:3      | Reached XP level 4. HP: 23/29 MP: 4/4
  1266 | D:3      | Killed Robin
  1287 | D:3      | Found a hazy altar of Hepliaklqana.
  1804 | D:4      | Found Omaett's Assorted Antiques.
  1986 | D:4      | Found a blossoming altar of Fedhas.
  1987 | D:4      | Found a hide-covered altar of Uskayaw.
  1987 | D:4      | Found an iron altar of Okawaru.
  1987 | D:4      | Found a broken altar of Ashenzari.
  1987 | D:4      | Found a sparkling altar of Nemelex Xobeh.
  1989 | D:4      | Found a burning altar of Makhleb.
  1990 | D:4      | Found an ancient bone altar of Kikubaaqudgha.
  1995 | D:4      | Became a worshipper of Warmaster Okawaru
  2125 | D:4      | Noticed Grinder
  2126 | D:4      | Paralysed by Grinder for 5 turns
  2134 | D:4      | Paralysed by Grinder for 2 turns
  2137 | D:4      | Paralysed by Grinder for 2 turns
  2141 | D:4      | Paralysed by Grinder for 2 turns
  2146 | D:4      | Paralysed by Grinder for 3 turns
  2151 | D:4      | Paralysed by Grinder for 5 turns
  2159 | D:4      | HP: 1/29 [Grinder (5)]
  2159 | D:4      | Slain by Grinder

Illustrated notes

Levels and vault maps discovered:
D:1:      minmay_arrival_stone_box, layout_basic,
          shapermc_ecumenical_altar_ellora
D:2:      layout_rooms, basic_altar
D:3:      layout_loops_ring, old_standard_altar, nicolae_vehumet_altar_sigil,
          uniq_robin
D:4:      layout_loops_corners, minitemple, serial_shops, nicolae_stop_n_shop_1,
          uniq_grinder

Skill      XL: |  1  2  3  4 |
---------------+-------------+-----
Fighting       | 4 |  4.1
Shields        | 4 |  4.1
Armour         | 4 |  4.1
Maces & Flails | |  2.9

Action                     |  1- 3 |  4- 6 || total
---------------------------+-------+-------++-------
  Melee: Flail             |   102 |    68 ||   170
    Use: Scroll            |       |     9 ||     9
 Armour: Scale mail        |    52 |    37 ||    89
  Dodge: Dodged            |    41 |    22 ||    63
  Block: Buckler           |    24 |    12 ||    36

Table legend: (Time is in decaauts)
 A = Elapsed time spent in this place.
 B = Non-inter-level travel time spent in this place.
 C = Inter-level travel time spent in this place.
 D = Time resting spent in this place.
 E = Time spent auto-exploring this place.
 F = Levels seen in this place.
 G = Mean time per level.
                   A        B        C        D        E       F      G
               +--------+--------+--------+--------+--------+-----+--------+
         Total |   2209 |   2096 |    113 |      0 |   1654 |   4 |  552.2 |
       Dungeon |   2209 |   2096 |    113 |      0 |   1654 |   4 |  552.2 |
               +--------+--------+--------+--------+--------+-----+--------+

Top non-repeatable levels by time:
     D:3: 754 daAuts
     D:1: 730 daAuts
     D:4: 362 daAuts
     D:2: 361 daAuts
